 Seeded DCSS version 0.27-a0-1202-ge72e49191c (webtiles) character file.

Game seed: 20210604 (custom seed)

66 Snicker the Sneak (level 3, 0/28 HPs)
             Began as a Demonspawn Brigand on June 4, 2021.
             Slain by a goblin
             ... wielding a +0 club
             ... led by Robin
              (3 damage)
             ... on level 2 of the Dungeon.
             The game lasted 00:03:01 (1626 turns).

Snicker the Sneak (Demonspawn Brigand)              Turns: 1626, Time: 00:03:01

Health: 0/28       AC:  6    Str: 11    XL:     3   Next: 96%
Magic:  3/3        EV: 10    Int: 12    God:
Gold:   84         SH:  0    Dex: 15    Spells: 2/2 levels left

rFire    . . .     SeeInvis .   a - +2 dagger
rCold    . . .     Faith    .   (no shield)
rNeg     . . .     Spirit   .   i - +0 ring mail
rPois    .         Reflect  .   (helmet restricted)
rElec    .         Harm     .   c - +0 cloak
rCorr    .         Rampage  .   (no gloves)
Will     .....                  (no boots)
Stlth    ++........             (no amulet)
HPRegen  0.09/turn              (no ring)
MPRegen  0.08/turn              (no ring)

@: brilliant
A: horns 1
a: no special abilities


You were on level 2 of the Dungeon.
You visited 1 branch of the dungeon, and saw 2 of its levels.

You collected 84 gold pieces.

Inventory:

Hand Weapons
 a - a +2 dagger (weapon)
Missiles
 d - 8 poisoned darts (quivered)
 e - 2 curare-tipped darts
Armour
 b - a +0 robe
 c - a +0 cloak (worn)
 i - a +0 ring mail (worn)
Scrolls
 g - a scroll of enchant armour {unknown}
 k - a scroll of noise {unknown}
 l - a scroll of teleportation {unknown}
 m - a scroll of fog {unknown}
 o - 2 scrolls of identify {unknown}
Potions
 f - a potion of flight {unknown}
 h - a potion of heal wounds {unknown}
 n - a potion of might {unknown}


   Skills:
 + Level 2.4 Fighting
 * Level 3.0 Short Blades
 + Level 1.8 Throwing
 + Level 1.0 Dodging
 * Level 4.1 Stealth


You had 2 spell levels left.
You didn't know any spells.
Your spell library contained the following spells:

 Spells                   Type           Power      Damage    Failure   Level
 Confusing Touch          Hex            0%         N/A       94%         3
 Gell's Gravitas          Tloc           0%         N/A       94%         3
 Petrify                  Tmut/Erth      0%         N/A       100%        4
 Metabolic Englaciation   Hex/Ice        0%         N/A       100%        5
 Yara's Violent Unravell  Hex/Tmut       0%         3d3       100%        5


Dungeon Overview and Level Annotations

Branches:
Dungeon (2/15)

Altars:

Annotations:
D:2 Robin


Innate Abilities, Weirdness & Mutations

You have a pair of small horns on your head.


Message History

You hit the goblin.
You kill the goblin!
You miss the goblin. You headbutt the goblin.
The goblin is severely wounded.
The goblin hits you but does no damage.
You hit the goblin.
You kill the goblin!
The goblin shoots a stone.
The stone hits you. The stone burns you.
You closely miss the goblin. You headbutt the goblin.
You kill the goblin!
The goblin shoots a stone.
The stone hits you. The stone burns you.
The goblin shoots a stone.
The stone hits you but does no damage.
Robin roars a battlecry!
You closely miss the hobgoblin.
The goblin no longer looks unusually strong.
The hobgoblin hits you.
You hit the hobgoblin. Your headbutt misses the hobgoblin.
The hobgoblin is moderately wounded.
The goblin no longer looks unusually strong.
The hobgoblin hits you.
* * * LOW HITPOINT WARNING * * *
You hit the hobgoblin but do no damage.
The hobgoblin is moderately wounded.
The hobgoblin no longer looks unusually strong.
The hobgoblin hits you but does no damage.
You hit the hobgoblin but do no damage.
The hobgoblin is moderately wounded.
The hobgoblin hits you but does no damage.
You closely miss the hobgoblin.
The hobgoblin is moderately wounded.
Robin throws the goblin at you!
The hobgoblin hits you but does no damage.
The goblin hits you with a +0 club.
* * * LOW HITPOINT WARNING * * *
It was a potion of brilliance.
You feel clever all of a sudden.
The hobgoblin hits you but does no damage.
A goblin comes into view. It is wielding a +0 dagger.
The goblin hits you with a +0 club.
You die...

#.. .# #.. .#
#.".##. #...#..
#...#.#########.
#....gg.ggggg...
#...gg####g....)
#.###g# ##### # #@#
##.###g# #.
...##.####.## #.#
#.###.##........
...#.#....#.####.##
####..#.#.###....#
...... .....#..#.#
####..###.#.#.##.#
#............#


You could see Robin, a hobgoblin and 4 goblins.

Vanquished Creatures
  2 adders (D:2)
  A worm (D:2)
  A dart slug (D:2)
  4 endoplasms (D:1)
  2 giant cockroaches (D:2)
  7 goblins
  2 hobgoblins
  3 jackals (D:1)
  6 kobolds (D:1)
  A quokka (D:1)
  3 bats
  2 frilled lizards (D:1)
  10 rats
44 creatures vanquished.

Vanquished Creatures (others)
  11 plants (D:1)
  5 toadstools (D:1)
16 creatures vanquished.

Grand Total: 60 creatures vanquished

Notes
Turn   | Place    | Note
-------+----------+-------------------------------------------
     0 | D:1      | Snicker the Demonspawn Brigand began the quest for the Orb.
     0 | D:1      | Reached XP level 1. HP: 16/16 MP: 1/1
   144 | D:1      | Gained mutation: You have a pair of small horns on your
                  | head. [demonic ancestry]
   144 | D:1      | Reached XP level 2. HP: 4/22 MP: 2/2
   448 | D:1      | Found a faded altar of an unknown god.
   795 | D:1      | Reached skill level 4 in Stealth
  1234 | D:2      | Reached XP level 3. HP: 28/28 MP: 3/3
  1600 | D:2      | Noticed Robin
  1602 | D:2      | Reached skill level 1 in Dodging
  1626 | D:2      | Slain by a goblin

Illustrated notes

Levels and vault maps discovered:
D:1:      ldierk_walled_garden, layout_rooms,
          shapermc_ecumenical_altar_mp_ritualfount, minmay_strange_pillars,
          lexackson_kobold_supper
D:2:      layout_loops_ring, st_stairs_5, minivault_14, minmay_misc_feat_roman,
          minmay_tetromino_t4, uniq_robin

Skill      XL: |  1  2  3 |
---------------+----------+-----
Short Blades   | 2 3 |  3.0
Stealth        | 4 |  4.1
Dodging        | 1 |  1.0
Fighting       | |  2.4
Throwing       | |  1.8

Action                   || total
-------------------------++-------
Melee: Dagger            ||   132
       Headbutt          ||    12
  Use: Potion            ||     1
 Stab: Sleeping          ||     4
Armor: Robe              ||    17
       Ring mail         ||    45
Dodge: Dodged            ||    78

Table legend: (Time is in decaauts)
 A = Elapsed time spent in this place.
 B = Non-inter-level travel time spent in this place.
 C = Inter-level travel time spent in this place.
 D = Time resting spent in this place.
 E = Time spent auto-exploring this place.
 F = Levels seen in this place.
 G = Mean time per level.
                   A        B        C        D        E       F      G
               +--------+--------+--------+--------+--------+-----+--------+
         Total |   1613 |   1562 |     51 |    249 |    970 |   2 |  806.5 |
       Dungeon |   1613 |   1562 |     51 |    249 |    970 |   2 |  806.5 |
               +--------+--------+--------+--------+--------+-----+--------+

Top non-repeatable levels by time:
     D:1: 1215 daAuts
     D:2: 397 daAuts
